[Event "Masters Tournament (MTO)"]
[Site "Biel, Switzerland"]
[Date "2026.07.22"]
[Round "9.1"]
[White "Gloeckler, Christian"]
[Black "Alexakis, Dimitris"]
[Result "1-0"]
[TimeControl "100+30+30sec/move"]
[WhiteTitle "-"]
[BlackTitle "-"]
[WhiteFideId "34608966"]
[BlackFideId "4277023"]
[WhiteElo "2506"]
[BlackElo "2525"]

1. e4 c5 2. Nf3 Nc6 3. Nc3 g6 4. d4 cxd4 5. Nxd4 Bg7 6. Be3 Nf6 7. Nxc6 bxc6 8. e5 Ng8 9. Bd4 Qa5 10.
f4 f6 11. Qd2 fxe5 12. fxe5 Bxe5 13. Qg5 d6 14. Bxe5 Qxe5+ 15. Qxe5 dxe5 16. O-O-O Nf6 17. Re1 Nd5 18. Na4 Rf8 19.
Rxe5 Rf2 20. Nc5 Nb4 21. a3 Rxc2+ 22. Kb1 Bf5 23. Rxf5 gxf5 24. axb4 Rd2 25. Ba6 Rad8 26. Bb7 R8d6 27.
Rc1 Kf7 28. Ka2 Rxg2 29. b5 Rgg6 30. bxc6 Rxc6 31. Bxc6 Rxc6 32. Rc3 e5 33. b4 f4 34. Ra3 Kg6 35. Rxa7 f3 36. Kb3 Rf6 37.
Ra1 Kf5 38. Kc3 Rd6 39. Ra8 Rf6 40. Kd2 Kf4 41. Re8 Rh6 42. Nd3+ Ke4 43. Nf2+ Kd4 44. Rd8+ Kc4 45. h3 Ra6 46.
Ke3 1-0

[Event "Masters Tournament (MTO)"]
[Site "Biel, Switzerland"]
[Date "2026.07.22"]
[Round "9.2"]
[White "Kozak, Adam"]
[Black "Acs, Peter"]
[Result "1/2-1/2"]
[TimeControl "100+30+30sec/move"]
[WhiteTitle "-"]
[BlackTitle "-"]
[WhiteFideId "753246"]
[BlackFideId "708020"]
[WhiteElo "2531"]
[BlackElo "2561"]

1. d4 d5 2. c4 c6 3. cxd5 cxd5 4. Nc3 Nf6 5. Nf3 a6 6. Bf4 Nc6 7. e3 Bf5 8. Bd3 Bxd3 9. Qxd3 e6 10.
O-O Bd6 11. Bxd6 Qxd6 12. h3 1/2-1/2

[Event "Masters Tournament (MTO)"]
[Site "Biel, Switzerland"]
[Date "2026.07.22"]
[Round "9.3"]
[White "Gopal, G.N."]
[Black "Aronyak, Ghosh"]
[Result "1/2-1/2"]
[TimeControl "100+30+30sec/move"]
[WhiteTitle "-"]
[BlackTitle "-"]
[WhiteFideId "5015693"]
[BlackFideId "25072846"]
[WhiteElo "2529"]
[BlackElo "2549"]

1. e4 c6 2. d4 d5 3. e5 Bf5 4.
Nd2 e6 5. Nb3 Nd7 6. Nf3 c5 7. dxc5 a6 8. Be3 Bg4 9. Be2 Bxf3 10. Bxf3 Ne7 11. O-O Nxe5 12. Re1 N7c6 13. Be2 Be7 14.
c3 Nd7 15. c4 Nf6 16. cxd5 Nxd5 17. Bf3 O-O 18. Bxd5 Qxd5 19. Qxd5 exd5 20. Rad1 1/2-1/2

[Event "Masters Tournament (MTO)"]
[Site "Biel, Switzerland"]
[Date "2026.07.22"]
[Round "9.4"]
[White "Ghosh, Diptayan"]
[Black "Liu, Bei"]
[Result "1-0"]
[TimeControl "100+30+30sec/move"]
[WhiteTitle "-"]
[BlackTitle "-"]
[WhiteFideId "5045207"]
[BlackFideId "8603596"]
[WhiteElo "2554"]
[BlackElo "2175"]

1. d4 d5 2. c4 e6 3. Nc3 Nf6 4. cxd5 exd5 5. Bg5 c6 6. e3 h6 7. Bh4 Be7 8. Bd3 O-O 9. Bg3 c5 10.
dxc5 Bxc5 11. Nge2 Nc6 12. O-O a6 13. Rc1 Qe7 14. Bb1 Rd8 15. Bh4 g5 16. Bg3 d4 17. exd4 Nxd4 18. Nxd4 Bxd4 19.
Qc2 Be6 20. Rfe1 Rac8 21. Qe2 Qb4 22. h3 Kg7 23. Rcd1 Kg8 24. Rd2 Ne8 25. Qe4 Bxc3 26. Qh7+ Kf8 27. Rxd8 Rxd8 28. bxc3 Qxc3 29.
Qxh6+ Qg7 30. Qh5 Qc3 31. Rf1 Rd5 32. Be4 Ra5 33. Bxb7 g4 34. Qh6+ Qg7 35. Qf4 Rxa2 36. Bc6 Qc3 37.
Bxe8 Kxe8 38. Qd6 Ra1 39. Rxa1 Qxa1+ 40. Kh2 Qa4 41. Qb8+ Kd7 42. Qb7+ Ke8 43. h4 Qb5 44. Qa8+ Kd7 45. Qa7+ Ke8 46. Bd6 Qd7 47. Qxa6 Bd5 48.
Qe2+ Kd8 49. Bf4 Qf5 50. Qe3 Qe6 51. Qg3 Ke8 52. h5 Qf5 53. h6 Kf8 54. Be3 Kg8 55. Bd4 Kh7 56. Qb8 Kxh6 57.
Qf8+ Kg6 58. Qg7+ Kh5 59. Be3 g3+ 60. fxg3 Bxg2 61. g4+ 1-0

[Event "Masters Tournament (MTO)"]
[Site "Biel, Switzerland"]
[Date "2026.07.22"]
[Round "9.5"]
[White "Dong, Hongfu"]
[Black "Elmi, Saad Abobaker"]
[Result "1/2-1/2"]
[TimeControl "100+30+30sec/move"]
[WhiteTitle "-"]
[BlackTitle "-"]
[WhiteFideId "8626960"]
[BlackFideId "1553259"]
[WhiteElo "2353"]
[BlackElo "2399"]

1. e4 c6 2. d4 d5 3. e5 Bf5 4. g4 Bd7 5. Nc3 e6 6. Be3 h5 7. gxh5 Nh6 8. Bxh6 gxh6 9. Qg4 Qg5 10.
h3 c5 11. Nb5 Kd8 12. Nf3 Qxg4 13. hxg4 Rg8 14. Rg1 Nc6 15. c3 a6 16. Na3 cxd4 17. cxd4 Bb4+ 18. Kd1 Ke7 19. Nc2 Ba5 20.
Bd3 Raf8 21. Ke2 Bb6 22. g5 hxg5 23. Rxg5 Rxg5 24. Nxg5 Rh8 25.
Nh7 Nxd4+ 26. Nxd4 Bxd4 27. f4 f5 28. Nf6 Bc6 29. Rb1 Kf8 30. b4 Be8 31. Kd2 Bb6 32. b5 a5 33. Rc1 Bd8 34.
Rc8 Bxf6 35. exf6 Kf7 36. Rc7+ Kxf6 37. Rxb7 Rxh5 38. Rb8 Rh2+ 39. Ke3 Bxb5 40. Bxb5 Rxa2 41. Ra8 Ra3+ 42. Bd3 Ke7 43. Kd4 Ra1 44.
Ra7+ Kf6 45. Bb5 Re1 46. Bd3 Ra1 47. Be2 Ra4+ 48. Ke3 Re4+ 49. Kf3 d4 50. Rxa5 Re3+ 51. Kf2 Re4 52. Kf3 Re3+ 53.
Kf2 Re4 54. Kf3 1/2-1/2

[Event "Masters Tournament (MTO)"]
[Site "Biel, Switzerland"]
[Date "2026.07.22"]
[Round "9.6"]
[White "Balabayeva, Xeniya"]
[Black "Cao, Qingfeng"]
[Result "0-1"]
[TimeControl "100+30+30sec/move"]
[WhiteTitle "-"]
[BlackTitle "-"]
[WhiteFideId "13719688"]
[BlackFideId "8627568"]
[WhiteElo "2302"]
[BlackElo "2365"]

1. d4 Nf6 2. c4 e6 3. Nc3 Bb4 4. Qc2 d5 5. a3 Bxc3+ 6. Qxc3 O-O 7. Nf3 Nbd7 8. Bg5 b6 9. e3 Ba6 10.
cxd5 Bxf1 11. Kxf1 exd5 12. Qc6 Re8 13. Rc1 Qc8 14. a4 Re6 15. Qb5 c6 16. Qd3 c5 17. b3 Rc6 18. Ne5 Nxe5 19.
dxe5 c4 20. bxc4 Ne4 21. Bf4 Rxc4 22. Rxc4 Qxc4 23. Qxc4 dxc4 24. Ke2 Nc3+ 25. Kd2 Nxa4 26. Ra1 b5 27. e4 Nc5 28. Kc3 a5 29. Be3 Nb3 30. Rd1 a4 31.
Kb2 b4 32. Bb6 c3+ 33. Kc2 Nd2 34. Bc5 b3+ 0-1

[Event "Masters Tournament (MTO)"]
[Site "Biel, Switzerland"]
[Date "2026.07.22"]
[Round "9.7"]
[White "Ashwath, Kaushik"]
[Black "Sasikiran, Krishnan"]
[Result "0-1"]
[TimeControl "100+30+30sec/move"]
[WhiteTitle "-"]
[BlackTitle "-"]
[WhiteFideId "33387230"]
[BlackFideId "5004985"]
[WhiteElo "2278"]
[BlackElo "2546"]

1. d4 Nf6 2. c4 e6 3. g3 d5 4.
Nf3 Be7 5. Bg2 O-O 6. O-O c6 7. Nc3 Nbd7 8. Qd3 a5 9. e4 dxc4 10. Qxc4 b5 11. Qxc6 Rb8 12. Ne2 Bb7 13. Qxb5 Bxe4 14.
Qa4 Nd5 15. Ne5 Bxg2 16. Kxg2 Nxe5 17. dxe5 Rb4 18. Qc2 Qa8 19. Kg1 Rc8 20. Qd3 Rd8 21. Qc2 Rc8 22. Qd3 a4 23. Rd1 h5 24.
h3 h4 25. g4 Qb8 26. f4 Qb7 27. Rb1 Rbc4 28. b3 Rc2 29. Bd2 a3 30. f5 Nb4 31. Bxb4 Qxb4 32. Rbc1 Rxc1 33. Nxc1 Rc3 34.
Qd2 Qc5+ 35. Kf1 Rf3+ 36. Kg2 Rg3+ 37. Kh2 Qxe5 38. Qd4 Rxh3+ 0-1

[Event "Masters Tournament (MTO)"]
[Site "Biel, Switzerland"]
[Date "2026.07.22"]
[Round "9.8"]
[White "Ganguly, Surya Shekhar"]
[Black "Georgescu, Lena"]
[Result "1/2-1/2"]
[TimeControl "100+30+30sec/move"]
[WhiteTitle "-"]
[BlackTitle "-"]
[WhiteFideId "5002150"]
[BlackFideId "1331973"]
[WhiteElo "2578"]
[BlackElo "2253"]

1. Nf3 Nf6 2. c4 c5 3. Nc3 e6 4. g3 b6 5. e4 Bb7 6. d3 d6 7. Bg2 Be7 8. O-O O-O 9. b3 a6 10.
Bb2 Re8 11. Ne1 Nc6 12. Nc2 Nd7 13. d4 Bf6 14. d5 Nd4 15. f4 Nxc2 16. Qxc2 Bd4+ 17. Kh1 exd5 18. Nxd5 Bxb2 19. Qxb2 Bxd5 20.
cxd5 b5 21. Rae1 f6 22. h4 c4 23. bxc4 Qa5 24. cxb5 axb5 25. Re2 Nc5 26. Kh2 Qa4 27. Rb1 Nxe4 28. Qxb5 f5 29. Qxa4 Rxa4 30.
Bxe4 Rexe4 31. Rc2 Ra5 32. h5 Kf7 33. Rb7+ Re7 34. Rxe7+ Kxe7 35. Rd2 Kf6 36. Kh3 g5 37. hxg6 hxg6 38.
a4 Rxa4 39. Re2 g5 40. Re6+ Kg7 41. fxg5 Rg4 42. Rxd6 Rxg5 43. Rd8 Rg4 44. d6 Rd4 45. Kg2 Kf6 46. Kf3 Ke6 47. Re8+ Kf6 48.
Rd8 Ke6 49. Re8+ Kf6 50. Rd8 1/2-1/2

[Event "Masters Tournament (MTO)"]
[Site "Biel, Switzerland"]
[Date "2026.07.22"]
[Round "9.9"]
[White "Ling, Chenxuan"]
[Black "Shukhman, Anna"]
[Result "0-1"]
[TimeControl "100+30+30sec/move"]
[WhiteTitle "-"]
[BlackTitle "-"]
[WhiteFideId "30983118"]
[BlackFideId "54180058"]
[WhiteElo "2166"]
[BlackElo "2443"]

1. d4 Nf6 2. c4 g6 3. Nc3 Bg7 4. e4 d6 5. h3 O-O 6. Bg5 c5 7. d5 e6 8. Bd3 exd5 9. exd5 Nbd7 10. f4 Qe8+ 11. Nge2 Nh5 12. O-O Qe3+ 13.
Kh1 Ne5 14. fxe5 Qxg5 15. exd6 Be5 16. Ne4 Qd8 17. Qd2 b6 18. Rad1 f5 19. Ng5 Qxd6 20. Nf3 Bg7 21. Rfe1 Bd7 22.
Nc3 a6 23. a3 h6 24. Rb1 g5 25. Ne2 Rae8 26. b4 Rxe2 27. Rxe2 g4 28. bxc5 Ng3+ 29. Kg1 Nxe2+ 30. Qxe2 Qxc5+ 31. Kh1 gxf3 32. Qxf3 Re8 33. Qh5 Qf2 0-1

[Event "Masters Tournament (MTO)"]
[Site "Biel, Switzerland"]
[Date "2026.07.22"]
[Round "9.10"]
[White "Baenziger, Fabian"]
[Black "Harish, Neeraj"]
[Result "1-0"]
[TimeControl "100+30+30sec/move"]
[WhiteTitle "-"]
[BlackTitle "-"]
[WhiteFideId "1330110"]
[BlackFideId "30958130"]
[WhiteElo "2435"]
[BlackElo "2201"]

1. Nf3 d5 2. g3 Nd7 3. d4 Nb6 4. Bg2 Bf5 5. Nc3 e6 6. Nh4 Bg4 7. Qd3 Be7 8. e4 Bxh4 9. gxh4 Qxh4 10.
Nb5 Rc8 11. Nxa7 Rd8 12. Bf4 Rd7 13. Nb5 Be2 14. Qxe2 Qxf4 15. exd5 Nxd5 16. c4 Nde7 17. Qe3 Qh4 18. Qa3 Nc6 19.
O-O Qe7 20. Qa4 Kf8 21. d5 Nd8 22. Rad1 Nf6 23. Nxc7 g6 24. Nb5 exd5 25. cxd5 Kg7 26. Rfe1 Qc5 27. Nc3 Qd6 28. Re3 h5 29.
h3 h4 30. Bf3 b6 31. Rd4 g5 32. Nb5 Qb8 33. Qb4 Nb7 34. d6 Rc8 35. Qd2 Rc5 36. a4 Qc8 37. b4 Rc2 38. Qd3 Rc1+ 39.
Bd1 Nd8 40. Qd2 Ne6 41. Rxe6 fxe6 42. Qxg5+ Kf7 43. Kh2 Rxd1 44. Rxd1 Qc2 45. Rg1 e5 46. Qxe5 Qxf2+ 47. Rg2 Qf3 48.
Qg5 Qf1 49. Nc7 1-0

[Event "Masters Tournament (MTO)"]
[Site "Biel, Switzerland"]
[Date "2026.07.22"]
[Round "9.11"]
[White "Coban, Ege"]
[Black "Savitha, Shri B"]
[Result "0-1"]
[TimeControl "100+30+30sec/move"]
[WhiteTitle "-"]
[BlackTitle "-"]
[WhiteFideId "26320304"]
[BlackFideId "35061887"]
[WhiteElo "1986"]
[BlackElo "2368"]

1. e4 e5 2. Nf3 Nc6 3. Bb5 a6 4. Ba4 f5 5. d3 fxe4 6. dxe4 Nf6 7. Nc3 Bb4 8. Bb3 Na5 9. Nxe5 Nxb3 10.
axb3 Qe7 11. Nf3 Qxe4+ 12. Be3 O-O 13. Qd4 Qxd4 14. Bxd4 Re8+ 15. Kd1 d5 16. Kc1 c6 17. Kb1 Bg4 18.
Ka2 Nd7 19. Rae1 Rxe1 20. Rxe1 Bxf3 21. gxf3 Rf8 22. Rg1 g6 23. h4 Rf4 24. Rg4 Rxf3 25. h5 Nf8 26. Na4 Bd6 27. Be3 Kf7 28.
hxg6+ Nxg6 29. Rg5 Rh3 30. c4 Be5 31. Nc5 Rf3 32. Rh5 Kg8 33. Ne6 dxc4 34. bxc4 Rf7 35. b4 Re7 36. Nc5 Bd6 37.
Nd3 Re4 38. Kb3 Be7 39. b5 cxb5 40. cxb5 a5 41. Bc5 Bf6 42. Rd5 Ne5 43. f3 a4+ 44. Ka3 Nxd3 45. Rxd3 Rc4 46. Bb4 h5 47.
Rd7 h4 48. Rxb7 h3 49. Bd6 Rd4 50. Bg3 Bh4 51. Rb8+ Kf7 52. Be5 Be7+ 53. Kb2 Rd5 54. Bc7 a3+ 55. Ka2 Rd2+ 56. Kb3 Rb2+ 57.
Kc3 Bf6+ 58. Kd3 Rb3+ 59. Kd2 a2 60. Rb7 Kg6 0-1

[Event "Masters Tournament (MTO)"]
[Site "Biel, Switzerland"]
[Date "2026.07.22"]
[Round "9.12"]
[White "Cherniaev, Alexander"]
[Black "Yasaswi, Krishna Bommi"]
[Result "1/2-1/2"]
[TimeControl "100+30+30sec/move"]
[WhiteTitle "-"]
[BlackTitle "-"]
[WhiteFideId "4117301"]
[BlackFideId "33368783"]
[WhiteElo "2275"]
[BlackElo "2085"]

1. e4 c5 2. Nf3 e6 3. c3 Nf6 4. e5 Nd5 5. Bc4 d6 6. d4 cxd4 7. cxd4 Be7 8. O-O O-O 9. Re1 b6 10.
Bxd5 exd5 11. Nc3 Be6 12. b3 Nc6 13. Ba3 dxe5 14. Bxe7 Qxe7 15. dxe5 Rfd8 16. Nd4 Nxd4 17. Qxd4 Rac8 18.
Rad1 h6 19. Rd2 Rc6 20. h3 a6 21. Re3 Qc5 22. Qh4 Rdc8 23. Ne2 Kf8 24. Qf4 Qe7 25. Rg3 Rc2 26. Nd4 Rxd2 27. Qxd2 Qc7 28.
Qb4+ Kg8 29. Re3 Qc5 30. Qd2 Qc1+ 31. Qxc1 Rxc1+ 32. Kh2 Kf8 33. f4 g6 34. Rd3 h5 35. Kg3 Ke7 36. Rd2 Kd7 37.
Kh4 Rf1 38. Kg5 Rg1 39. Kf6 Rf1 40. Nxe6 fxe6 41. Kxg6 Rxf4 42. Kxh5 Rf5+ 43. Kg6 Rxe5 44. h4 Ke7 45. g4 Re4 46.
Kg5 Kf7 47. Rc2 Re5+ 48. Kf4 Re4+ 49. Kf3 Re1 50. Rc6 d4 51. Rc2 1/2-1/2

[Event "Masters Tournament (MTO)"]
[Site "Biel, Switzerland"]
[Date "2026.07.22"]
[Round "9.13"]
[White "Lu, Miaoyi"]
[Black "Stefan, Iulia-Cristiana"]
[Result "1-0"]
[TimeControl "100+30+30sec/move"]
[WhiteTitle "-"]
[BlackTitle "-"]
[WhiteFideId "8618020"]
[BlackFideId "1273876"]
[WhiteElo "2392"]
[BlackElo "2053"]

1. e4 e5 2. Nf3 Nc6 3. d4 exd4 4. Nxd4 Bb4+ 5. c3 Bc5 6. Be3 Bb6 7. Nf5 d6 8. Nxg7+ Kf8 9. Bxb6 axb6 10.
Nh5 Nf6 11. Nxf6 Qxf6 12. Nd2 Rg8 13. g3 Ne5 14. f4 Ng4 15. Qf3 h5 16. h3 Nh6 17. Bc4 Be6 18. Bxe6 Qxe6 19. Kf2 Ra5 20.
Nb3 Rb5 21. Qe2 Qg6 22. Rhg1 c6 23. Rad1 Qf6 24. Qf3 Qe6 25. Kg2 f5 26. Rde1 h4 27. exf5 Qxf5 28. g4 Nxg4 29. hxg4 Rxg4+ 30. Kh1 Rxf4 31. Qg2 Qd5 32. Nd4 Rf2 33. Qxd5 Rxd5 34. Rgf1 Rxf1+ 35. Rxf1+ Ke7 36. Rf2 Re5 37.
Kg2 c5 38. Nf5+ Kd7 39. Nxh4 b5 40. Kf3 Rh5 41. Ng6 b4 42. Nf4 Rf5 43. cxb4 cxb4 44. Ke4 Ra5 45. b3 Re5+ 46. Kd4 Kc6 47.
Nd3 Rd5+ 48. Ke4 Rb5 49. Rc2+ Kb6 50. Kd4 Ka6 51. Rc8 Kb6 52. Kc4 Rh5 53. Kxb4 Rh2 54. a4 Rh3 55. Nf4 Rh4 56.
Rc4 1-0

[Event "Masters Tournament (MTO)"]
[Site "Biel, Switzerland"]
[Date "2026.07.22"]
[Round "9.14"]
[White "Haimovich, Tal"]
[Black "Xu, Chang(Cq)"]
[Result "1-0"]
[TimeControl "100+30+30sec/move"]
[WhiteTitle "-"]
[BlackTitle "-"]
[WhiteFideId "2801698"]
[BlackFideId "8641757"]
[WhiteElo "2310"]
[BlackElo "2125"]

1. d4 Nf6 2. c4 e6 3. Nc3 Bb4 4. Nf3 b6 5. g3 Bb7 6. Bg2 O-O 7. Bd2 c5 8. dxc5 Bxc5 9. Bg5 h6 10.
Bxf6 Qxf6 11. O-O d6 12. Qa4 a5 13. Rad1 Rd8 14. Qc2 Nd7 15. Nb5 Qe7 16. e4 Rac8 17. Qe2 Ne5 18. b3 Bc6 19.
Nfd4 Ba8 20. Kh1 Nc6 21. Nxc6 Bxc6 22. Nd4 Be8 23. Nc2 Qf6 24. Ne1 a4 25. f4 axb3 26. axb3 Qc3 27. Rf3 Qa5 28.
f5 e5 29. f6 g6 30. g4 Ra8 31. Rh3 Qa2 32. Nc2 d5 33. exd5 Bf8 34. Be4 Rd6 35. Rf1 Bd7 36. Rg3 Qa5 37.
Qd3 Be8 38. h4 Qc5 39. h5 g5 40. Qf3 Bd7 41. Bd3 b5 42. Qe4 bxc4 43. Qh7# 1-0

[Event "Masters Tournament (MTO)"]
[Site "Biel, Switzerland"]
[Date "2026.07.22"]
[Round "9.15"]
[White "Dai, Wenzhi"]
[Black "Nguyen, Thi Mai Hung"]
[Result "1/2-1/2"]
[TimeControl "100+30+30sec/move"]
[WhiteTitle "-"]
[BlackTitle "-"]
[WhiteFideId "8608369"]
[BlackFideId "12401676"]
[WhiteElo "2126"]
[BlackElo "2260"]

1. e4 e6 2. d4 d5 3. Nc3 Nf6 4. Bg5 dxe4 5. Nxe4 Nbd7 6. Nf3 Be7 7. Nxf6+ Nxf6 8. Bd3 c5 9. dxc5 Qa5+ 10. c3 Qxc5 11. Qe2 a6 12.
O-O O-O 13. Rfd1 h6 14. Bh4 Rd8 15. Rd2 Bd7 16. Rad1 Ba4 17. b3 Bc6 18. c4 Qh5 19. Bxf6 Bxf6 20. Be4 Qc5 21. Bxc6 Qxc6 22.
h3 Rxd2 23. Rxd2 Re8 24. Ne5 Qc7 25. Ng4 Bg5 26. Ne3 f5 27. h4 Bxh4 28. Nxf5 Bxf2+ 29. Qxf2 exf5 30. Qxf5 Re1+ 31. Kf2 Re7 32.
Kg1 Rf7 33. Qe4 Qb6+ 34. Kh2 Qc7+ 35. Kg1 Qb6+ 36. Kh2 1/2-1/2

[Event "Masters Tournament (MTO)"]
[Site "Biel, Switzerland"]
[Date "2026.07.22"]
[Round "9.16"]
[White "Ragavan, Samarth Rajesh"]
[Black "Kukushkin, Ivan"]
[Result "0-1"]
[TimeControl "100+30+30sec/move"]
[WhiteTitle "-"]
[BlackTitle "-"]
[WhiteFideId "39918106"]
[BlackFideId "11634103"]
[WhiteElo "2106"]
[BlackElo "2257"]

1. c4 e6 2. d4 Nf6 3. g3 Bb4+ 4. Bd2 a5 5. Bg2 d5 6. a3 Be7 7. cxd5 exd5 8. Nf3 O-O 9. O-O c6 10.
Nc3 Bf5 11. Nh4 Be6 12. Nf3 Nbd7 13. h3 h6 14. Ne5 Nxe5 15. dxe5 Nd7 16. f4 f5 17. Be3 Nc5 18. Bd4 Ne4 19.
Nxe4 dxe4 20. Rc1 Qd5 21. e3 c5 22. Bc3 Rfd8 23. Qe1 a4 24. Kh2 b5 25. g4 Kh7 26. Rg1 Bf8 27. Qg3 Qd7 28.
h4 Qf7 29. g5 Qh5 30. Qh3 b4 31. Be1 Qe2 32. gxh6 Rd3 33. hxg7 Bxg7 34. Rxc5 bxa3 35. bxa3 Rxe3 36. Bg3 Bh6 37.
Rc7+ Kh8 38. Re1 Qxe1 39. Bxe1 Bxf4+ 40. Bg3 Rxg3 41. Qxg3 Bxg3+ 42. Kxg3 Rg8+ 43. Kh2 Bd5 44. Rc5 Bb3 45.
Rc3 Rd8 46. Rc6 Rd2 47. e6 Kg7 48. e7 Kf7 49. Rf6+ Kxe7 50. Rxf5 Ke6 51. Rg5 e3 52. Kg3 e2 53. Kf2 Bc4 54.
Bh3+ Kd6 55. Rg1 Rd4 56. Bg4 Rf4+ 57. Ke3 Rxg4 58. Kf2 Rd4 0-1

[Event "Masters Tournament (MTO)"]
[Site "Biel, Switzerland"]
[Date "2026.07.22"]
[Round "9.17"]
[White "Matsumura, Cocoro"]
[Black "Monteverde, Jonathan"]
[Result "1-0"]
[TimeControl "100+30+30sec/move"]
[WhiteTitle "-"]
[BlackTitle "-"]
[WhiteFideId "36087114"]
[BlackFideId "1314580"]
[WhiteElo "2225"]
[BlackElo "2098"]

1. e4 c5 2. Nf3 d6 3. d4 cxd4 4. Nxd4 Nf6 5. Nc3 a6 6. Bg5 e6 7. Qf3 Be7 8. O-O-O Qc7 9. g4 Nbd7 10.
Bd2 Qb6 11. Nb3 Ne5 12. Qe2 Nexg4 13. Rg1 Qxf2 14. Rxg4 Qxe2 15. Bxe2 Nxg4 16. Bxg4 Bf6 17. Na4 Be5 18. Nb6 Rb8 19.
Bb4 Bd7 20. Nxd7 Kxd7 21. Bxd6 Bxd6 22. e5 Rhd8 23. exd6 b6 24. Be2 Ra8 25. Bf3 Rab8 26. a4 Rdc8 27. Nd4 g6 28. b4 e5 29.
Nb3 f5 30. Bd5 Rc3 31. Kb2 Re3 32. Bc4 Ra8 33. a5 bxa5 34. Nc5+ Kd8 35. d7 1-0

[Event "Masters Tournament (MTO)"]
[Site "Biel, Switzerland"]
[Date "2026.07.22"]
[Round "9.18"]
[White "Iafelice, Vincenzo"]
[Black "Schnell, Simon"]
[Result "1/2-1/2"]
[TimeControl "100+30+30sec/move"]
[WhiteTitle "-"]
[BlackTitle "-"]
[WhiteFideId "810541"]
[BlackFideId "1345311"]
[WhiteElo "2086"]
[BlackElo "2211"]

1. e4 c6 2. Nf3 d5 3. exd5 cxd5 4. d4 Nf6 5. Ne5 g6 6. Bb5+ Nbd7 7. O-O Bg7 8. c3 O-O 9. f4 Ne4 10.
Bd3 Nxe5 11. fxe5 f6 12. exf6 exf6 13. Nd2 f5 14. g3 h6 15. Nf3 g5 16. Ne1 Be6 17. Ng2 Qe8 18. Be3 Qg6 19.
Be2 Bf6 20. Kh1 Be7 21. Bh5 Qg7 22. Bf3 Bd6 23. Ne1 Kh8 24. Nd3 Rf6 25. Nc5 Bg8 26. Bg2 Raf8 27. Nxe4 fxe4 28. Qe2 Be6 29.
Rxf6 Rxf6 30. Rf1 Rxf1+ 31. Qxf1 Qg6 32. Kg1 Kg7 33. Qb5 Qf7 34. Qf1 a6 35. Qxf7+ Kxf7 36. Kf2 b5 37. Bf1 Kf6 38.
a4 Bd7 39. a5 h5 40. Be2 h4 41. b4 Bh3 42. Bd2 Kf5 43. Be3 Bg4 44. Bf1 Kg6 45. Bd2 Kh5 46. Be3 Bd1 47. Bh3 Bg4 48.
Bf1 Bd1 49. Bh3 Bg4 1/2-1/2

[Event "Masters Tournament (MTO)"]
[Site "Biel, Switzerland"]
[Date "2026.07.22"]
[Round "9.19"]
[White "Erne, Raphael"]
[Black "Aryan, Goyal"]
[Result "1-0"]
[TimeControl "100+30+30sec/move"]
[WhiteTitle "-"]
[BlackTitle "-"]
[WhiteFideId "1341928"]
[BlackFideId "366108825"]
[WhiteElo "2166"]
[BlackElo "2029"]

1. c4 e5 2. g3 d6 3. Nc3 f5 4. Nf3 Nf6 5. d4 e4 6. Nh4 c6 7. Bg5 Be7 8. e3 Ng4 9. Bxe7 Qxe7 10.
Ng2 Be6 11. Be2 Nf6 12. Nf4 Bf7 13. h4 Nbd7 14. O-O O-O 15. b4 a5 16. a3 axb4 17. axb4 Rxa1 18. Qxa1 Nb6 19. c5 Ra8 20.
Qc1 Nbd5 21. Ncxd5 Nxd5 22. Nxd5 Bxd5 23. cxd6 Qxd6 24. Qc5 Qxc5 25. bxc5 Ra2 26. Re1 Rb2 27. Kf1 Kf8 28. g4 g6 29.
Kg2 Ke7 30. Kg3 Kf6 31. g5+ Kg7 32. Bf1 Ba2 33. Re2 Rxe2 34. Bxe2 Kf7 35. Kf4 Ke6 36. h5 Bb3 37. h6 Ke7 38.
f3 exf3 39. Bxf3 Ke6 40. Be2 Ba2 41. Bd3 Ke7 42. e4 fxe4 43. Bxe4 Bg8 44. Ke5 Bf7 45. Bf3 Be6 46. Be2 Bd5 47.
Bg4 Bc4 48. Bc8 Bf1 49. Bxb7 Bg2 50. Ba6 Bf3 51. Bd3 Kf7 52. Kd6 Bg2 53. Ba6 Bh1 54. Bb7 1-0

[Event "Masters Tournament (MTO)"]
[Site "Biel, Switzerland"]
[Date "2026.07.22"]
[Round "9.20"]
[White "Pleschke, Julius Jonas"]
[Black "Angst, Oliver"]
[Result "1-0"]
[TimeControl "100+30+30sec/move"]
[WhiteTitle "-"]
[BlackTitle "-"]
[WhiteFideId "54734258"]
[BlackFideId "1334069"]
[WhiteElo "2280"]
[BlackElo "2121"]

1. d4 e6 2. Nf3 b6 3. g3 Bb7 4. Bg2 f5 5. O-O Nf6 6. c4 Be7 7. b3 O-O 8. Bb2 a5 9. a3 Qc8 10.
Nc3 Ne4 11. e3 Bf6 12. Qc2 Nxc3 13. Bxc3 Be4 14. Qd2 d6 15. Ne1 Bxg2 16. Nxg2 Qe8 17. Qc2 Nd7 18. Rad1 Rc8 19. f3 g6 20.
e4 fxe4 21. Qxe4 e5 22. dxe5 Bxe5 23. Be1 Bb2 24. Qc2 Bxa3 25. Bc3 Ne5 26. f4 Ng4 27. Rde1 Qc6 28. Ba1 Bc5+ 29. Kh1 Rce8 30. Qc3 Nf2+ 31. Rxf2 Bd4 32.
Qd2 Rxe1+ 33. Qxe1 Re8 34. Qf1 Bxf2 35. Qxf2 a4 36. h3 axb3 37. Kh2 Kf7 38. f5 g5 39. Qb2 Ke7 40. Qxb3 Kd8 41. Qd3 Qe4 42. Qf1 Kd7 43.
f6 Qe6 44. Qd3 Qe4 45. Qf1 Qe6 46.
Bc3 h5 47. Bd2 Rg8 48. Bxg5 Rxg5 49. f7 Rf5 50. f8=Q Rxf8 51. Qxf8 Qxc4 52. Qf5+ Kc6 53. Qxh5 b5 54. Qe8+ Kb7 55.
h4 b4 56. h5 b3 57. h6 Qd3 58. Nf4 Qc2+ 59. Qe2 Qb1 60. Nd3 Qa2 61. Qb2 Qa5 62. Qxb3+ Ka7 63. Nf4 Qd2+ 64. Kh3 Qe1 65.
Qa3+ Kb8 66. Qb3+ Ka7 67. Qa2+ Kb7 68. Qd5+ c6 69. Qxd6 Qh1+ 70. Kg4 Qd1+ 71. Qxd1 1-0

[Event "Masters Tournament (MTO)"]
[Site "Biel, Switzerland"]
[Date "2026.07.22"]
[Round "9.21"]
[White "Rappazzo, Johannes"]
[Black "Kunz, Andre"]
[Result "0-1"]
[TimeControl "100+30+30sec/move"]
[WhiteTitle "-"]
[BlackTitle "-"]
[WhiteFideId "1340069"]
[BlackFideId "24623652"]
[WhiteElo "2268"]
[BlackElo "2116"]

1. e4 c6 2. d4 d5 3. e5 Bf5 4. h4 h5 5. Bd3 Bxd3 6. Qxd3 Qa5+ 7. b4 Qa6 8. Qd1 e6 9. c3 Ne7 10.
Ne2 Nf5 11. Ng3 Nxg3 12. fxg3 Nd7 13. a4 f6 14. Qc2 O-O-O 15. b5 cxb5 16. O-O Kb8 17. Be3 b4 18. Qb2 Qd3 19. Rf3 Qc4 20.
Bf2 Rc8 21. Kh2 fxe5 22. cxb4 Bxb4 23. a5 Rhf8 24. Ra4 Rxf3 25. gxf3 Bc3 26. Qa3 Qc6 27. a6 b5 28. Nxc3 bxa4 29.
Nxa4 Qxa6 30. dxe5 Rc4 31. Qb3+ Qb7 32. Qa2 Kc8 33. Kg2 Qb5 34. Nb2 Rc2 35. Qxa7 Qxb2 36. Qa6+ Kd8 0-1

[Event "Masters Tournament (MTO)"]
[Site "Biel, Switzerland"]
[Date "2026.07.22"]
[Round "9.22"]
[White "Malli, Suvirr"]
[Black "Joly, Julien"]
[Result "0-1"]
[TimeControl "100+30+30sec/move"]
[WhiteTitle "-"]
[BlackTitle "-"]
[WhiteFideId "1341855"]
[BlackFideId "26082284"]
[WhiteElo "2120"]
[BlackElo "2257"]

1. e4 d6 2. d4 Nf6 3. Nc3 g6 4. f4 Bg7 5. Nf3 O-O 6. Bd3 Na6 7. O-O c5 8. d5 c4 9. Bxc4 b5 10.
Bd3 b4 11. Nb1 Nc5 12. Qe2 a5 13. Kh1 Nh5 14. Bc4 Na4 15. Bb5 Nc5 16. a3 Rb8 17. axb4 axb4 18. Bc4 Bg4 19. Qe3 Qb6 20.
Nfd2 Rfc8 21. Be2 Bd4 22. Qxd4 Bxe2 23. Re1 Qb5 24. Qe3 Bg4 25. b3 Ra8 26. Rxa8 Rxa8 27. Bb2 Ra2 28. Qd4 f6 29. e5 Bf5 30. exd6 exd6 31. Nc4 Ne4 32. g4 Rxb2 33.
Nxb2 Qe8 34. Kg1 Nxf4 35. gxf5 gxf5 36. Qxf6 Nxf6 37. Rxe8+ Nxe8 38. c4 Kf7 39. Kf2 Kf6 40. Ke3 Ke5 41. Nd2 Ng2+ 42. Kf2 Nh4 43. Ke3 Ng2+ 44. Kf2 Nh4 45. Ke3 f4+ 46.
Kd3 Nf6 47. Nd1 Nd7 48. Nf2 Nc5+ 49. Ke2 Kd4 50. Nh3 f3+ 51. Ke1 Ke3 52. Nf1+ Kd3 53. Nd2 Ng2+ 54. Kd1 Ne3+ 55. Ke1 Kc2 56.
Nf2 Ng2+ 0-1

[Event "Masters Tournament (MTO)"]
[Site "Biel, Switzerland"]
[Date "2026.07.22"]
[Round "9.23"]
[White "Papaux, Jeremie"]
[Black "Dauth, Benjamin"]
[Result "0-1"]
[TimeControl "100+30+30sec/move"]
[WhiteTitle "-"]
[BlackTitle "-"]
[WhiteFideId "1340867"]
[BlackFideId "4688104"]
[WhiteElo "2102"]
[BlackElo "2247"]

1. d4 d5 2. c4 e6 3. Nf3 Nf6 4. Nc3 Be7 5. Bg5 O-O 6. e3 Ne4 7. Bxe7 Qxe7 8. Nxe4 dxe4 9. Nd2 f5 10.
Be2 e5 11. d5 Nd7 12. O-O a5 13. Qb3 a4 14. Qc3 Ra6 15. f3 exf3 16. Rxf3 Rh6 17. Raf1 Nf6 18. Bd1 Bd7 19. e4 f4 20.
c5 Ng4 21. h3 Ne3 22. Qxe3 fxe3 23. Rxf8+ Qxf8 24. Rxf8+ Kxf8 25. Nc4 e2 26. Bxe2 Bb5 27. Kf2 Bxc4 28. Bxc4 b6 29. d6 bxc5 30.
dxc7 Rc6 31. Bb5 Rxc7 32. Bxa4 Ra7 33. Bb3 Rb7 34. Ke3 Ke7 35. Kd3 Rb4 36. g3 h6 37. h4 Kd6 38. g4 g5 39.
h5 Kc7 40. Be6 Rxb2 41. Kc4 Kc6 42. Kc3 Rb4 43. Kd3 Rd4+ 44. Ke3 Kb5 45. Bd7+ Rxd7 0-1